 Dungeon Crawl Stone Soup version 0.29.1-2-gbd0b4ee654 (webtiles) character file.

Game seed: 17780098768777994614

74 zeram the Chopper (level 4, -2/40 HPs)
             Began as a Hill Orc Fighter on Nov 23, 2022.
             Frozen to death by an endoplasm (5 damage)
             ... on level 3 of the Dungeon.
             The game lasted 00:02:48 (2154 turns).

zeram the Chopper (Hill Orc Fighter)                Turns: 2154, Time: 00:02:49

Health: -2/40      AC:  9    Str: 20    XL:     4   Next: 30%
Magic:  4/4        EV: 13    Int:  8    God:
Gold:   123        SH:  4    Dex: 10    Spells: 3/3 levels left

rFire   . . .      SeeInvis .   a - +0 war axe
rCold   . . .      Faith    .   c - +0 buckler
rNeg    . . .      Spirit   .   b - +0 scale mail
rPois   .          Reflect  .   p - +2 hat
rElec   .          Harm     .   (no cloak)
rCorr   .          Rampage  .   (no gloves)
Will    .....                   (no boots)
Stlth   ..........              (no amulet)
HPRegen 0.13/turn               j - +4 ring of evasion
MPRegen 0.09/turn               (no ring)

@: mighty
A: no striking features
a: no special abilities


You were on level 3 of the Dungeon.
You visited 1 branch of the dungeon, and saw 3 of its levels.

You collected 123 gold pieces.

Inventory:

Hand Weapons
 a - a +0 war axe (weapon)
 k - a +1 mace of holy wrath
Armour
 b - a +0 scale mail (worn)
 c - a +0 buckler (worn)
 p - a +2 hat (worn)
Jewellery
 j - a +4 ring of evasion (left hand)
Scrolls
 f - a scroll of enchant weapon
 g - 3 scrolls of summoning
 h - 2 scrolls of amnesia
 i - 2 scrolls of poison
 l - a scroll of blinking
 r - a scroll of enchant armour
Potions
 d - a potion of might
 e - a potion of flight


   Skills:
 + Level 3.8 Fighting
 + Level 4.2 Axes
 + Level 3.9 Armour
 + Level 0.3 Dodging
 + Level 3.8 Shields


You had 3 spell levels left.
You didn't know any spells.
Your spell library contained the following spells:

 Spells                   Type           Power      Damage    Failure   Level
 Necrotise                Necr           0%         1d4       85%         1
 Poisonous Vapours        Pois/Air       0%         N/A       94%         2
 Vampiric Draining        Necr           0%         2d6       99%         3
 Corpse Rot               Necr/Pois/Air  0%         N/A       100%        4
 Agony                    Necr           0%         N/A       100%        5


Dungeon Overview and Level Annotations

Branches:
Dungeon (3/15)

Altars:

Shops:
D:1 =


Message History

You closely miss the gnoll.
The endoplasm quivers.
You block the gnoll's attack. The gnoll hits you with a +0 spear.
The quokka twitches its whiskers.
You hit the gnoll but do no damage. You hit the quokka. The quokka misses you.
The gnoll hits you from afar with a +0 halberd!
The quokka bites you but does no damage.
The gnoll hits you from afar with a +0 halberd!
The gnoll hits you from afar with a +0 spear.
You are too injured to fight recklessly!
You are too injured to fight recklessly!
You are too injured to fight recklessly!
Unknown command.
You feel very mighty all of a sudden. The quokka barely misses you.
The gnoll hits you from afar with a +0 halberd!
* * * LOW HITPOINT WARNING * * *
The gnoll hits you with a +0 club.
* * * LOW HITPOINT WARNING * * *
You feel better. The quokka closely misses you. You block the gnoll's attack.
The gnoll closely misses you. The gnoll hits you but does no damage.
You block the quokka's attack.
You slice the gnoll!!
You kill the gnoll!
You slash the quokka!
You kill the quokka!
The gnoll hits you from afar with a +0 spear.
* * * LOW HITPOINT WARNING * * *
You block the gnoll's attack. You block the gnoll's attack.
The gnoll closely misses you.
Things that are here:
a +0 club; a gnoll corpse You slice the gnoll!!
You kill the gnoll!
You hit the gnoll. The gnoll hits you with a +0 spear!
* * * LOW HITPOINT WARNING * * *
You block the gnoll's attack. The endoplasm freezes you.
You are frozen.
You die...

........ #.. .......#
#.# ..#..#.# #.#
....#..# #.#
.###..#####.# ###
............####.#######
..####.####....#........
..# #.# ####..†$......
..# #.# ###@g...... .##
#.# #J....... ## #.#
......... # #..
.......... ###
...###.#### .... .#
##... # #...


You could see a gnoll and an endoplasm.

Vanquished Creatures
  2 gnolls (D:3)
  An adder (D:2)
  A worm (D:2)
  2 dart slugs
  3 orcs (D:2)
  4 ball pythons
  4 bats
  4 endoplasms
  A giant cockroach (D:2)
  4 goblins
  7 hobgoblins
  2 kobolds
  4 quokkas
  3 frilled lizards
  A rat (D:1)
43 creatures vanquished.

Notes
Turn   | Place    | Note
-------+----------+-------------------------------------------
     0 | D:1      | zeram the Hill Orc Fighter began the quest for the Orb.
     0 | D:1      | Reached XP level 1. HP: 19/19 MP: 1/1
   404 | D:1      | Reached XP level 2. HP: 27/27 MP: 2/2
   664 | D:1      | Found Amuczaci's Jewellery Shop.
   667 | D:1      | Reached skill level 3 in Axes
  1097 | D:2      | Reached XP level 3. HP: 33/33 MP: 3/3
  1514 | D:2      | Reached skill level 4 in Axes
  1540 | D:2      | Reached XP level 4. HP: 31/40 MP: 4/4
  2154 | D:3      | Frozen to death by an endoplasm

Illustrated notes

Levels and vault maps discovered:
D:1:      amcnicky_arrival_double_pillar, layout_basic, serial_shops,
          shop_fountains, minmay_misc_feat_diagonals
D:2:      layout_loops_corners, guppyfry_early_orc_mine
D:3:      layout_rooms, serial_shops, nicolae_lakefront_shop

Skill      XL: |  1  2  3 |
---------------+----------+-----
Axes           | 3 4 |  4.2
Fighting       | |  3.8
Armour         | |  3.9
Dodging        | |  0.3
Shields        | |  3.8

Action                   |  1- 3 |  4- 6 || total
-------------------------+-------+-------++-------
Melee: War axe           |    81 |     8 ||    89
  Use: Scroll            |     4 |     6 ||    10
       Potion            |       |     2 ||     2
Armor: Scale mail        |    18 |     3 ||    21
Dodge: Dodged            |    47 |     7 ||    54
Block: Buckler           |    19 |     6 ||    25
